 Dungeon Crawl Stone Soup version 0.30-a0-632-g346586fe48 (webtiles) character file.

Game seed: 12110643715532493814

55 Leeroy the Slasher (level 3, 0/21 HPs)
             Began as a Tengu Warper on Jan 13, 2023.
             Succumbed to an adder's poison
             ... on level 2 of the Dungeon.
             The game lasted 00:01:02 (753 turns).

Leeroy the Slasher (Tengu Warper)                    Turns: 753, Time: 00:01:02

Health: 0/21       AC:  4    Str:  8 (11) XL:     3   Next: 93%
Magic:  7/7        EV: 11    Int: 12 (13) God:
Gold:   8          SH:  0    Dex: 13 (15) Spells: 6/6 levels left

rFire   . . .      SeeInvis .    a - +0 falchion
rCold   . . .      Faith    .    (no shield)
rNeg    . . .      Spirit   .    b - +0 leather armour
rPois   .          Reflect  .    (helmet restricted)
rElec   .          Harm     .    (no cloak)
rCorr   .          Rampage  .    g - +0 pair of gloves
Will    .....                    (boots unavailable)
Stlth   +                        (no amulet)
HPRegen 0.23/turn                (no ring)
MPRegen 0.10/turn                (no ring)

@: mighty, lethally poisoned (0 -> -3), flying
A: beak, talons 3
a: no special abilities


You were on level 2 of the Dungeon.
You visited 1 branch of the dungeon, and saw 2 of its levels.

You collected 8 gold pieces.

Inventory:

Hand Weapons
 a - a +0 falchion (weapon)
Missiles
 d - 7 boomerangs of dispersal (quivered)
Armour
 b - a +0 leather armour (worn)
 g - a +0 pair of gloves (worn)
Scrolls
 c - a scroll of blinking
 e - a scroll of vulnerability {unknown}
 f - 2 scrolls of magic mapping {unknown}
 j - a scroll of fog {unknown}
 l - 2 scrolls of identify {unknown}
 m - a scroll of noise {unknown}
Potions
 k - a potion of flight


   Skills:
 - Level 2.0 Fighting
 + Level 4.5 Long Blades
 - Level 1.0 Throwing
 - Level 1.1 Armour
 - Level 2.1 Dodging
 - Level 2.0 Spellcasting
 - Level 2.4 Translocations


You had 6 spell levels left.
You didn't know any spells.
Your spell library contained the following spells:

 Spells                   Type           Power      Damage    Failure   Level
 Blink                    Tloc           12%        N/A       22%         2
 Magic Dart               Conj           4%         1d3       36%         1
 Lesser Beckoning         Tloc           12%        N/A       41%         3
 Teleport Other           Tloc           6%         N/A       41%         3
 Call Imp                 Summ           1%         N/A       50%         2
 Vhi's Electric Charge    Tloc/Air       8%         N/A       56%         3
 Mephitic Cloud           Conj/Pois/Air  1%         N/A       75%         3
 Manifold Assault         Tloc           6%         N/A       82%         4


Dungeon Overview and Level Annotations

Branches:
Dungeon (1/15)

Altars:


Innate Abilities, Weirdness & Mutations

You have a beak for a mouth.
You have claws for feet.


Message History

The adder moves out of view.
No target in view!
No target in view!
No target in view!
A hobgoblin comes into view.
The hobgoblin shouts!
The adder bites you.
You are poisoned.
The adder poisons you! The adder bites you.
The hobgoblin moves out of view.
You closely miss the adder. Your peck misses the adder.
You feel sick. The adder bites you.
You miss the adder. Your kick misses the adder.
You feel sick. The adder bites you.
You miss the adder. You peck the adder.
The adder is lightly wounded.
You feel sick. The adder bites you but does no damage. The adder bites you.
You are more poisoned.
The adder poisons you!
You are too injured to fight recklessly!
You are too injured to fight recklessly!
You are too injured to fight recklessly!
You hit the adder.
The adder is heavily wounded.
You feel sick. The adder bites you.
* * * LOW HITPOINT WARNING * * *
It was a potion of flight.
You feel very buoyant.
You fly up into the air.
You feel sick. The adder bites you.
* * * LOW HITPOINT WARNING * * *
The adder misses you.
It was a potion of might.
You feel very mighty all of a sudden.
* * * LOW HITPOINT WARNING * * *
You feel sick. The hobgoblin hits you.
* * * LOW HITPOINT WARNING * * *
The adder closely misses you.
It was a potion of degeneration.
There was something very wrong with that liquid.
You feel weakened.
You feel dopey.
You feel clumsy.
You die...

#..... # #####. . .#
##... .. ###.### #....
...###### #..... #....
........####.#.## #..>.
........♣8♣.....#)###...
.........♣......#.####..
......S@................
....♣.g..$.....♣..###...
. ♣..........♣♣..##.##
..................#.#
......~~~~~~.........#
......~~####~~.......##
......~## ##~.....♣##
♣.....~ #~....♣8# ...
#~.....♣#


You could see an adder and a hobgoblin.

Vanquished Creatures
  2 adders (D:2)
  4 ball pythons
  2 endoplasms (D:1)
  3 giant cockroaches (D:1)
  4 goblins (D:1)
  2 hobgoblins
  4 jackals (D:1)
  2 quokkas
  4 bats (D:1)
  A frilled lizard (D:2)
  2 kobolds (D:1)
  4 rats (D:1)
34 creatures vanquished.

Notes
Turn   | Place    | Note
-------+----------+-------------------------------------------
     0 | D:1      | Leeroy the Tengu Warper began the quest for the Orb.
     0 | D:1      | Reached XP level 1. HP: 12/12 MP: 4/4
   136 | D:1      | Reached skill level 3 in Long Blades
   136 | D:1      | Reached XP level 2. HP: 7/17 MP: 6/6
   218 | D:1      | Found a faded altar of an unknown god.
   355 | D:1      | Reached XP level 3. HP: 21/21 MP: 7/7
   564 | D:1      | Reached skill level 4 in Long Blades
   618 | D:1      | You fall into a shaft and drop 1 floor!
   752 | D:2      | HP: 1/21 [hobgoblin (1)]
   753 | D:2      | Succumbed to an adder's poison

Illustrated notes

Levels and vault maps discovered:
D:1:      shiori_shiawase, layout_basic, ebering_ecumenical_altar_sacrificial,
          minivault_26
D:2:      layout_loops_corners, basic_altar, serial_shops,
          nicolae_shop_temple_entry_statues_fountains,
          kennysheep_decorative_pillar, uniq_crazy_yiuf_cottage

Skill      XL: |  1  2  3 |
---------------+----------+-----
Long Blades    | 3 4 |  4.5
Fighting       | |  2.0
Throwing       | |  1.0
Armour         | |  1.1
Dodging        | |  2.1
Spellcasting   | |  2.0
Translocations | |  2.4

Action                   || total
-------------------------++-------
Melee: Falchion          ||    83
       Kick              ||    18
       Peck              ||     9
  Use: Potion            ||     3
 Stab: Sleeping          ||     2
Armor: Leather armour    ||    36
Dodge: Dodged            ||    55

Table legend: (Time is in decaauts)
 A = Elapsed time spent in this place.
 B = Non-inter-level travel time spent in this place.
 C = Inter-level travel time spent in this place.
 D = Time resting spent in this place.
 E = Time spent auto-exploring this place.
 F = Levels seen in this place.
 G = Mean time per level.
                   A        B        C        D        E       F      G
               +--------+--------+--------+--------+--------+-----+--------+
         Total |    762 |    762 |      0 |      0 |    577 |   2 |  381.0 |
       Dungeon |    762 |    762 |      0 |      0 |    577 |   2 |  381.0 |
               +--------+--------+--------+--------+--------+-----+--------+

Top non-repeatable levels by time:
     D:1: 626 daAuts
     D:2: 136 daAuts
